 Dungeon Crawl Stone Soup version 0.23.1-37-gaa34b87 (console) character file.

Game seed: 10710867553691209655

5131 fly the Fighter (level 10, -2/107 HPs)
             Began as an Ogre Berserker on Mar 23, 2019.
             Was an Elder of Trog.
             Slain by a porcupine (12 damage)
             ... on level 1 of the Lair of Beasts.
             The game lasted 00:17:27 (11942 turns).

fly the Fighter (Ogre Berserker)                   Turns: 11942, Time: 00:17:28

Health: -2/107     AC:  4    Str: 23    XL:     10   Next: 58%
Magic:  10/10      EV: 13    Int:  8    God:    Trog [****..]
Gold:   604        SH:  0    Dex: 13    Spells: 9/9 levels left

rFire    + . .     SeeInvis .   a - +0 scimitar
rCold    + . .     Gourm    .   (no shield)
rNeg     . . .     Faith    .   I - +1 animal skin
rPois    +         Spirit   .   (helmet restricted)
rElec    +         Reflect  .   q - scarf {cloud immunity}
rCorr    +         Harm     .   (gloves unavailable)
MR       +....                  (boots unavailable)
Stlth    +.........             (no amulet)
HPRegen  0.27/turn              G - -2 ring of evasion (curse)
MPRegen  0.12/turn              t - +2 ring of dexterity

@: resistant, berserk cooldown, slowed, very slow
A: large, unfitting armour, tough skin 1
a: Berserk, Trog's Hand, Brothers in Arms, Renounce Religion


You were on level 1 of the Lair of Beasts.
You worshipped Trog.
Trog was greatly pleased with you.
You were not hungry.

You visited 3 branches of the dungeon, and saw 10 of its levels.

You collected 604 gold pieces.

Inventory:

Hand Weapons
 a - a +0 scimitar (weapon)
 b - a +3 hunting sling of flaming
 w - a +0 blowgun
Missiles
 J - 17 sling bullets
Armour
 q - a scarf of cloud immunity (worn)
 I - a +1 animal skin (worn)
Jewellery
 m - an uncursed ring of stealth
 t - a +2 ring of dexterity (right hand)
 E - an uncursed ring of magical power
 G - a cursed -2 ring of evasion (left hand)
Wands
 B - a wand of random effects (3)
Scrolls
 f - 2 scrolls of enchant armour
 h - 2 scrolls of fog {unknown}
 i - 3 scrolls of immolation
 j - 2 scrolls of remove curse
 n - a scroll of random uselessness {unknown}
 o - a scroll of fear {unknown}
 x - 2 scrolls of amnesia {unknown}
 y - a scroll of magic mapping {unknown}
 z - a scroll of holy word {unknown}
 D - 2 scrolls of acquirement {unknown}
Potions
 d - 2 potions of might
 e - 5 potions of flight
 g - 3 potions of agility
 l - a potion of lignification {unknown}
 p - a potion of resistance
 s - a potion of cancellation
 v - 3 potions of haste
 A - a potion of ambrosia
 H - 2 potions of mutation {unknown}
Comestibles
 c - 17 rations


   Skills:
 + Level 9.5 Fighting
 - Level 9.4 Long Blades
 - Level 9.4 Dodging


You had 9 spell levels left.
You didn't know any spells.
Your spell library was empty.

Dungeon Overview and Level Annotations

Branches:
Dungeon (8/15)             Temple (1/1) D:5            Lair (1/6) D:8

Altars:
Dithmenos
Elyvilon
Fedhas
Gozag
Hepliaklqana
Kikubaaqudgha
Makhleb
Nemelex Xobeh
Okawaru
Qazlal
Ru
Sif Muna
Trog
Uskayaw
Vehumet
Wu Jian
Xom
Yredelemnul
Zin
The Shining One

Shops:
D:5 %   D:8 *


Innate Abilities, Weirdness & Mutations

You are too large for most types of armour.
You have tough skin. (AC +1)


Message History

Your black bear bites the killer bee.
Your black bear misses the killer bee.
Your black bear barely misses the killer bee.
You fail to use your ability.
The killer bee barely misses your black bear. x2
Your black bear bites the killer bee.
Your black bear closely misses the killer bee. x2
The killer bee barely misses your black bear.
Your black bear completely misses the killer bee.
Your black bear barely misses the killer bee.
Your black bear completely misses the killer bee.
Unknown command.
Okay, then.
You fail to use your ability.
Your black bear dies!
Your black bear's corpse disappears in a puff of smoke!
The killer bee closely misses you.
You riposte.
You closely miss the killer bee.
The killer bee is severely wounded.
The porcupine bites you!
You die...

....# ##.......## ###.+#####
....# ##.........###........#
....#####..........#.##.###.#.#
....'.....#.......##......#...#
....#######.......#..##.#.#.#.#
....# ##..........##...#...#
..... #........#.####.##.#.#
.###P# ##....r..### #.......# .
## ##.###@.# #.###+.## +
#.yyy.## ##....## #.###+#
###+##### .r. #.......## #....
..+ #........# ..+..r ..#
+.......# .. #...


yy# #.......# . #.%. y.# #.......# #%.. .%# #..<....# You could see a porcupine
and 3 killer bees.

Vanquished Creatures
  Joseph (D:8)
  A spiny frog (Lair:1)
  A queen bee (Lair:1)
  2 hippogriffs
  Grum (D:8)
  Menkaure (D:4)
  2 porcupines (Lair:1)
  A water moccasin (Lair:1)
  An orc warrior (D:7)
  3 ogres
  2 eyes of draining (D:3)
  An ice beast (D:5)
  3 centaurs
  2 wolves (D:8)
  A crocodile (Lair:1)
  A big kobold (D:8)
  4 bullfrogs
  15 killer bees (Lair:1)
  4 wights (D:6)
  A howler monkey (D:5)
  2 crimson imps (D:8)
  2 bullfrog zombies
  A jelly (D:8)
  5 orc priests
  2 hounds
  3 iguanas
  5 orc wizards
  Natasha (thrice) (D:4)
  6 worker ants
  3 hound zombies
  2 hound skeletons (D:5)
  4 gnolls
  12 adders
  2 oozes
  An adder skeleton (D:8)
  4 worms
  3 dart slugs
  3 leopard geckos
  32 orcs
  4 giant cockroaches
  4 goblins
  6 hobgoblins
  8 jackals
  A quokka (D:3)
  4 bats
  3 frilled lizards
  9 kobolds
  A leopard gecko skeleton (D:4)
  2 quokka skeletons (D:4)
  9 rats
194 creatures vanquished.

Vanquished Creatures (collateral kills)
  A killer bee (Lair:1)
1 creature vanquished.

Vanquished Creatures (others)
  A fungus (Lair:1)
  A plant (Lair:1)
2 creatures vanquished.

Grand Total: 197 creatures vanquished

Notes
Turn   | Place    | Note
-------+----------+-------------------------------------------
     0 | D:1      | fly the Ogre Berserker began the quest for the Orb.
     0 | D:1      | Reached XP level 1. HP: 24/24 MP: 1/1
   281 | D:1      | Reached XP level 2. HP: 32/32 MP: 2/2
   932 | D:2      | Reached XP level 3. HP: 21/39 MP: 3/3
  1285 | D:2      | Reached ** piety under Trog
  1659 | D:2      | Reached XP level 4. HP: 44/48 MP: 4/4
  2240 | D:2      | Found a hide-covered altar of Uskayaw.
  2240 | D:2      | Found a deep blue altar of Sif Muna.
  2773 | D:3      | Reached XP level 5. HP: 45/54 MP: 5/5
  3453 | D:3      | Found an iron altar of Okawaru.
  3702 | D:3      | Found a white marble altar of Elyvilon.
  3702 | D:3      | Found a shimmering altar of Xom.
  3844 | D:3      | Noticed an eye of draining
  3846 | D:3      | Found a bloodstained altar of Trog.
  3846 | D:3      | Noticed an eye of draining
  3857 | D:3      | Killed an eye of draining
  3857 | D:3      | Reached XP level 6. HP: 62/62 MP: 0/6
  3863 | D:3      | Killed an eye of draining
  3863 | D:3      | Reached skill level 5 in Long Blades
  3863 | D:3      | Reached skill level 5 in Dodging
  4166 | D:3      | Reached *** piety under Trog
  4236 | D:4      | Reached XP level 7. HP: 42/70 MP: 7/7
  4566 | D:5      | Entered Level 5 of the Dungeon
  4589 | D:4      | Paralysed by fainting for 10 turns
  4599 | D:4      | Paralysed by fainting for 10 turns
  5140 | D:2      | Found an ornate altar of the Wu Jian Council.
  5452 | D:4      | Noticed Menkaure
  5461 | D:4      | Killed Menkaure
  5764 | D:4      | Noticed Natasha
  5770 | D:4      | Killed Natasha
  6232 | D:4      | Noticed Natasha
  6280 | D:4      | Killed Natasha
  6280 | D:4      | Reached XP level 8. HP: 68/78 MP: 8/8
  6300 | D:4      | Noticed Natasha
  6309 | D:4      | Killed Natasha
  6604 | D:5      | Found a staircase to the Ecumenical Temple.
  6622 | D:5      | Found Diyshaz's Food Shoppe.
  6705 | Temple   | Entered the Ecumenical Temple
  8158 | D:6      | Reached XP level 9. HP: 69/84 MP: 9/9
  8476 | D:7      | Reached **** piety under Trog
  9643 | D:8      | Found Koiffub's Lightly-Used Armoury.
  9693 | D:8      | Found a blossoming altar of Fedhas.
  9817 | D:8      | Found a shadowy altar of Dithmenos.
  9829 | D:8      | Found a staircase to the Lair.
  9909 | D:8      | Noticed Joseph
  9924 | D:8      | Killed Joseph
 10294 | D:8      | Noticed Grum
 10309 | D:8      | HP: 1/84 [Grum/+1 halberd (17)]
 10318 | D:8      | Killed Grum
 10802 | Lair:1   | Entered Level 1 of the Lair of Beasts
 10815 | Lair:1   | Reached XP level 10. HP: 92/92 MP: 10/10
 10875 | Lair:1   | Reached skill level 5 in Fighting
 11314 | Lair:1   | Noticed a spiny frog
 11325 | Lair:1   | Killed a spiny frog
 11931 | Lair:1   | HP: 4/107 [killer bee (7)]
 11933 | Lair:1   | HP: 1/107 [killer bee (4)]
 11942 | Lair:1   | Slain by a porcupine

Skill      XL: |  1  2  3  4  5  6  7  8  9 10 |
---------------+-------------------------------+-----
Long Blades    | 3 4 5 6 7 9 |  9.4
Dodging        | 3 4 5 6 7 9 |  9.4
Fighting       | 9 |  9.5

Action                   |  1- 3 |  4- 6 |  7- 9 | 10-12 || total
-------------------------+-------+-------+-------+-------++-------
Melee: Falchion          |    81 |   187 |   111 |       ||   379
       Long sword        |       |       |   269 |       ||   269
       Scimitar          |       |       |     3 |    96 ||    99
Invok: Berserk           |     3 |     3 |    14 |     3 ||    23
       Trog's Hand       |       |       |       |     1 ||     1
       Brothers in Arms  |       |       |       |     1 ||     1
Evoke: Wand              |       |       |     5 |     5 ||    10
  Use: Scroll            |       |       |    13 |     1 ||    14
       Potion            |       |       |     3 |     7 ||    10
 Stab: Sleeping          |     1 |     4 |     7 |       ||    12
  Eat: Chunk             |     5 |    10 |    31 |     5 ||    51
       Ration            |       |       |     1 |     1 ||     2
Armor: Animal skin       |    20 |    29 |    60 |    22 ||   131
Dodge: Dodged            |    42 |   100 |   249 |    88 ||   479
       Rpst.: Falchion   |    13 |    30 |    20 |       ||    63
       Long sword        |       |       |    44 |       ||    44
       Scimitar          |       |       |       |    28 ||    28
